 Dungeon Crawl Stone Soup version 0.27-a0-59-gfbafd837a3 (webtiles) character file.

Game seed: 9662772491161530931

328 Borgoz the Ruffian (level 6, -3/53 HPs)
             Began as a Ghoul Monk on Jan 8, 2021.
             Slain by a phantom (7 damage)
             ... on level 3 of the Dungeon.
             The game lasted 00:04:26 (3081 turns).

Borgoz the Ruffian (Ghoul Monk)                     Turns: 3081, Time: 00:04:26

Health: -3/53      AC: 10    Str: 14 (15) XL:     6   Next: 50%
Magic:  5/5        EV:  7    Int:  3 (5)  God:
Gold:   72         SH:  0    Dex: 12 (13) Spells: 5/5 levels left

rFire    . . .     SeeInvis .     - Unarmed
rCold    + . .     Faith    .   (no shield)
rNeg     + + +     Spirit   .   i - +2 chain mail {Will+}
rPois    ∞         Reflect  .   (no helmet)
rElec    .         Harm     .   (no cloak)
rCorr    .         Rampage  .   (no gloves)
Will     ++...                  (no boots)
Stlth    ..........             (no amulet)
HPRegen  0.00/turn              k - ring of willpower
MPRegen  0.09/turn              (no ring)

@: brilliant
A: claws 1, cold resistance 1, negative energy resistance 3, inhibited
regeneration, torment resistance, unbreathing
a: no special abilities


You were on level 3 of the Dungeon.
You visited 1 branch of the dungeon, and saw 4 of its levels.

You collected 72 gold pieces.

Inventory:

Armour
 i - a +2 chain mail of willpower (worn)
Jewellery
 g - an uncursed ring of flight
 k - a ring of willpower (left claw)
Wands
 f - a wand of iceblast (6)
Scrolls
 c - a scroll of blinking {unknown}
 e - a scroll of enchant weapon
 m - a scroll of remove curse
Potions
 h - 2 potions of flight


   Skills:
 + Level 4.3 Fighting
 + Level 2.0 Armour
 * Level 4.2 Dodging
 - Level 2.1 Stealth
 * Level 5.2 Unarmed Combat


You had 5 spell levels left.
You didn't know any spells.
Your spell library was empty.

Dungeon Overview and Level Annotations

Branches:
Dungeon (4/15)
 Temple: D:4-7

Altars:

Annotations:
D:4 1 runed translucent door


Innate Abilities, Weirdness & Mutations

You thrive by killing the living.
You are immune to poison.
You have sharp fingernails.
Your flesh is cold resistant. (rC+)
You are immune to negative energy. (rN+++)
You do not regenerate when monsters are visible.
You are immune to unholy pain and torment.
You can survive without breathing.


Message History

The phantom hits you.
* * * LOW HITPOINT WARNING * * *
You barely miss the phantom.
The phantom is almost destroyed.
The phantom blinks!
Throw: throwing net
Press: ? - help, Q - select action, (/) - cycle Shift-Dir - straight line, f - phantom
Aim: a phantom (almost destroyed, immune to nets)
You throw a throwing net.
The throwing net closely misses the phantom.
The phantom blinks!
You see here a throwing net.
You scratch the phantom but do no damage.
The phantom is almost destroyed.
The phantom hits you.
* * * LOW HITPOINT WARNING * * *
Your chain mail prevents you from hitting the phantom.
The phantom is almost destroyed.
The phantom hits you!
You die...

#### #=# ...#
#.########### ##.#
#...........# #.#
###########.# #.#
#.# #.# #.# #)#
#.#
#.#############.#
#.#............@#
##.#.#######....W#
#.#..............#
..)........#.....#
####...###.#.....#
#...# #.###.###
#[..# #.###.##
#...###...)..#
####).........>.#


You could see a phantom.

Vanquished Creatures
  A water moccasin skeleton (D:4)
  An orc priest (D:3)
  Terence (D:2)
  2 orc wizards (D:3)
  Natasha (D:2)
  A worker ant (D:4)
  A gnoll (D:3)
  4 adders (D:3)
  2 oozes
  2 adder zombies (D:4)
  A worm (D:2)
  2 dart slugs
  2 leopard geckos
  2 orcs (D:3)
  7 bats
  4 giant cockroaches
  5 goblins
  12 hobgoblins
  A quokka (D:3)
  5 frilled lizards
  4 kobolds
  A quokka skeleton (D:2)
  8 rats
70 creatures vanquished.

Vanquished Creatures (others)
  4 withered plants (D:4)
4 creatures vanquished.

Grand Total: 74 creatures vanquished

Notes
Turn   | Place    | Note
-------+----------+-------------------------------------------
     0 | D:1      | Borgoz the Ghoul Monk began the quest for the Orb.
     0 | D:1      | Reached XP level 1. HP: 19/19 MP: 0/0
   165 | D:1      | Reached XP level 2. HP: 20/26 MP: 1/1
   818 | D:2      | Reached XP level 3. HP: 15/31 MP: 2/2
  1056 | D:2      | Noticed Terence
  1078 | D:2      | Killed Terence
  1079 | D:2      | Reached skill level 1 in Armour
  1079 | D:2      | Reached skill level 4 in Unarmed Combat
  1452 | D:2      | Reached XP level 4. HP: 40/40 MP: 3/3
  1463 | D:2      | Noticed Natasha
  1469 | D:2      | Killed Natasha
  2016 | D:3      | Reached XP level 5. HP: 46/46 MP: 4/4
  2305 | D:3      | Reached skill level 5 in Unarmed Combat
  2305 | D:3      | Reached XP level 6. HP: 26/52 MP: 5/5
  2894 | D:4      | Found a runed translucent door.
  3001 | D:4      | Noticed a phantom
  3081 | D:3      | Slain by a phantom

Illustrated notes

Levels and vault maps discovered:
D:1:      scummos_arrival_forest, layout_loops_ring
D:2:      layout_basic, uniq_natasha, uniq_terence
D:3:      layout_loops_ring, grunt_ministairs_7
D:4:      minmay_chambers_of_fours, layout_basic, zin_purify,
          ebering_ghost_inner_flame, serial_shops, kennysheep_mini,
          serial_undead, serial_undead_a, serial_undead_c, serial_undead_e,
          serial_undead_b, serial_undead_c, serial_undead_a, serial_undead_d

Skill      XL: |  1  2  3  4  5  6 |
---------------+-------------------+-----
Dodging        | 3 4 |  4.2
Armour         | 1 2 |  2.0
Unarmed Combat | 4 5 |  5.2
Fighting       | 4 |  4.3
Stealth        | |  2.1

Action                   |  1- 3 |  4- 6 || total
-------------------------+-------+-------++-------
Melee: Unarmed           |   112 |   215 ||   327
       Punch             |     1 |     2 ||     3
Throw: Throwing net      |       |     1 ||     1
  Use: Potion            |     1 |     4 ||     5
       Scroll            |       |     8 ||     8
 Stab: Sleeping          |     2 |       ||     2
Armor: Robe              |     7 |       ||     7
       Ring mail         |    11 |       ||    11
       Chain mail        |     9 |   134 ||   143
Dodge: Dodged            |    49 |    88 ||   137

Table legend: (Time is in decaauts)
 A = Elapsed time spent in this place.
 B = Non-inter-level travel time spent in this place.
 C = Inter-level travel time spent in this place.
 D = Time resting spent in this place.
 E = Time spent auto-exploring this place.
 F = Levels seen in this place.
 G = Mean time per level.
                   A        B        C        D        E       F      G
               +--------+--------+--------+--------+--------+-----+--------+
         Total |   3050 |   2999 |     51 |    354 |   2083 |   4 |  762.5 |
       Dungeon |   3050 |   2999 |     51 |    354 |   2083 |   4 |  762.5 |
               +--------+--------+--------+--------+--------+-----+--------+

Top non-repeatable levels by time:
     D:2: 1185 daAuts
     D:3: 1028 daAuts
     D:1: 690 daAuts
     D:4: 145 daAuts
